 Dungeon Crawl Stone Soup version 0.28-a0-265-g048bc9fd10 (webtiles) character file.

Game seed: 2665140174458083153

36 tatocazan the Covered (level 3, -3/33 HPs)
             Began as a Minotaur Fighter on Aug 28, 2021.
             Succumbed to Sigmund's poison
             ... on level 2 of the Dungeon.
             The game lasted 00:01:52 (1191 turns).

tatocazan the Covered (Minotaur Fighter)            Turns: 1191, Time: 00:01:52

Health: -3/33      AC:  9    Str: 18 (21) XL:     3   Next: 19%
Magic:  2/2        EV:  7    Int:  3 (5)  God:
Gold:   41         SH:  7    Dex:  6 (9)  Spells: 2/2 levels left

rFire   . . .      SeeInvis .   a - +0 war axe
rCold   . . .      Faith    .   c - +0 kite shield
rNeg    . . .      Spirit   .   b - +0 scale mail
rPois   .          Reflect  .   (helmet restricted)
rElec   .          Harm     .   e - +0 cloak
rCorr   .          Rampage  .   (no gloves)
Will    .....                   f - +0 pair of boots
Stlth   ..........              (no amulet)
HPRegen 0.11/turn               (no ring)
MPRegen 0.08/turn               (no ring)

@: mighty, lethally poisoned (-3 -> -20)
A: horns 2, retaliatory headbutt
a: no special abilities


You were on level 2 of the Dungeon.
You visited 1 branch of the dungeon, and saw 2 of its levels.

You collected 41 gold pieces.

Inventory:

Hand Weapons
 a - a +0 war axe (weapon)
Armour
 b - a +0 scale mail (worn)
 c - a +0 kite shield (worn)
 e - a +0 cloak (worn)
 f - a +0 pair of boots (worn)
Scrolls
 g - a scroll of identify {unknown}
 j - a scroll of enchant weapon {unknown}


   Skills:
 + Level 4.0 Fighting
 * Level 3.2 Axes
 + Level 4.0 Armour
 + Level 4.0 Shields


You had 2 spell levels left.
You didn't know any spells.
Your spell library was empty.

Dungeon Overview and Level Annotations

Branches:
Dungeon (2/15)

Altars:

Annotations:
D:2 Sigmund


Innate Abilities, Weirdness & Mutations

You have a pair of horns on your head.
You reflexively headbutt those who attack you in melee.


Message History

You barely miss something. Your headbutt misses something.
You feel very sick. Something hits you but does no damage.
You are more poisoned.
You take 2 damage, and have 19/33 hp.
You miss something.
You feel very sick. Something hits you but does no damage.
You are lethally poisoned!
You take 5 damage, and have 14/33 hp.
Your shield prevents you from hitting something.
* * * LOW HITPOINT WARNING * * *
You feel very sick. Something hits you but does no damage.
You take 6 damage, and have 8/33 hp.
It was a potion of degeneration.
There was something very wrong with that liquid.
You feel weakened.
You feel dopey.
You feel clumsy.
* * * LOW HITPOINT WARNING * * *
You feel very sick. Something hits you.
* * * LOW HITPOINT WARNING * * *
You take 4 damage, and have 4/33 hp.
It was a potion of curing.
You feel better. Something hits you.
* * * LOW HITPOINT WARNING * * *
You are lethally poisoned!
You regained 5 hp, and now have 9/33 hp.
You closely miss something.
* * * LOW HITPOINT WARNING * * *
You feel very sick. You block something's attack.
You take 3 damage, and have 6/33 hp.
You miss something. You headbutt something!
* * * LOW HITPOINT WARNING * * *
You feel sick. Something hits you.
* * * LOW HITPOINT WARNING * * *
You are more poisoned.
You take 4 damage, and have 2/33 hp.
You miss something.
You die...

# #(#........##...#
#...#
#.#...#########...#
#<..# #....## #.#.#
#...#
#..#)##########.#.#
#...#
#..#....##......#.#
#..## #.
####....####.# #..#
. #####..## #.#
#..# .. #......#
#.# ...# #.#....#
#@# .#.# )....####
#{# ..### ... .
...#. ..#.##.
####.# .. #.# .#
#.# #


There were no monsters in sight!

Vanquished Creatures
  A dart slug (D:1)
  5 bats
  5 endoplasms
  6 hobgoblins (D:1)
  2 quokkas
  2 ball pythons (D:1)
  4 kobolds
  5 rats (D:1)
30 creatures vanquished.

Notes
Turn   | Place    | Note
-------+----------+-------------------------------------------
     0 | D:1      | tatocazan the Minotaur Fighter began the quest for the Orb.
     0 | D:1      | Reached XP level 1. HP: 19/19 MP: 0/0
   153 | D:1      | Reached XP level 2. HP: 27/27 MP: 1/1
  1047 | D:1      | Reached XP level 3. HP: 33/33 MP: 2/2
  1176 | D:2      | Noticed Sigmund
  1191 | D:2      | Succumbed to Sigmund's poison

Illustrated notes

Levels and vault maps discovered:
D:1:      amcnicky_arrival_abandoned_market, layout_basic
D:2:      layout_rooms, uniq_crazy_yiuf_cottage, uniq_sigmund

Skill      XL: |  1  2 |
---------------+-------+-----
Axes           | 3 |  3.2
Armour         | 4 |  4.0
Fighting       | 4 |  4.0
Shields        | 4 |  4.0

Action                   || total
-------------------------++-------
Melee: War axe           ||    65
       Headbutt          ||    13
  Use: Potion            ||     3
Armor: Scale mail        ||    44
Dodge: Dodged            ||    23
Block: Kite shield       ||    35

Table legend: (Time is in decaauts)
 A = Elapsed time spent in this place.
 B = Non-inter-level travel time spent in this place.
 C = Inter-level travel time spent in this place.
 D = Time resting spent in this place.
 E = Time spent auto-exploring this place.
 F = Levels seen in this place.
 G = Mean time per level.
                   A        B        C        D        E       F      G
               +--------+--------+--------+--------+--------+-----+--------+
         Total |   1227 |   1191 |     36 |    246 |    723 |   2 |  613.5 |
       Dungeon |   1227 |   1191 |     36 |    246 |    723 |   2 |  613.5 |
               +--------+--------+--------+--------+--------+-----+--------+

Top non-repeatable levels by time:
     D:1: 1142 daAuts
     D:2: 85 daAuts
